 Dungeon Crawl Stone Soup version 0.18.1-50-g88ac8fd (webtiles) character file.

3684 nikopol the Cleaver (level 9, -13/123 HPs)
             Began as a Minotaur Berserker on Oct 23, 2016.
             Was a High Priest of Trog.
             Mangled by Scuka's ghost (15 damage)
             ... in a bailey.
             The game lasted 00:16:12 (6338 turns).

nikopol the Cleaver (Minotaur Berserker)            Turns: 6338, Time: 00:16:13

Health: -13/123    AC: 10    Str: 27    XL:     9   Next: 90%
Magic:  8/8        EV: 14    Int:  4    God:    Trog [*****.]
Gold:   323        SH:  0    Dex: 13    Spells: 0 memorised, 8 levels left

rFire  . . .     SeeInvis .     a - +0 war axe
rCold  . . .     Gourm    .     w - +0 scale mail
rNeg   . . .     Faith    .     (no shield)
rPois  .         Spirit   .     (helmet restricted)
rElec  .         Dismiss  .     f - +1 cloak
rCorr  .         Reflect  .     (no gloves)
SustAt .         Harm     .     (no boots)
MR     .....                    (no amulet)
Stlth  ..........               (no ring)
                                (no ring)

@: berserking, very quick, not resistant to hostile enchantments, extremely
unstealthy
A: retaliatory headbutt, horns 2
a: Berserk, Trog's Hand, Brothers in Arms, Burn Spellbooks, Renounce Religion


You were in a bailey.
You worshipped Trog.
Trog was extremely pleased with you.
You were hungry.

You visited 1 branch of the dungeon, and saw 7 of its levels.
You also visited: Bailey.

You collected 323 gold pieces.

Inventory:

Hand Weapons
 a - a +0 war axe (weapon)
 z - a +0 shortbow
 C - a +1 hand axe
Missiles
 e - 127 arrows (quivered)
Armour
 b - a +0 animal skin
 f - a +1 cloak (worn)
 l - a +0 ring mail
 w - a +0 scale mail (worn)
Jewellery
 n - a +4 ring of protection {unknown}
 y - an uncursed amulet of faith {unknown}
Wands
 j - a wand of disintegration (11/24)
 v - a wand of disintegration (7/24)
Scrolls
 d - 2 scrolls of remove curse
 h - 9 scrolls of identify
 i - a scroll of teleportation
 k - 4 scrolls of enchant weapon
 t - a scroll of enchant armour
Potions
 g - 7 potions of flight
 m - a potion of mutation {unknown}
 p - a potion of haste {unknown}
 q - a potion of heal wounds
 r - 2 potions of curing {unknown}
 u - a potion of agility
 x - a potion of lignification {unknown}
 D - a potion of invisibility {unknown}
Comestibles
 c - 4 bread rations
 o - 2 slices of pizza
 s - 3 meat rations
 B - 5 fruits
 E - a beef jerky


   Skills:
 + Level 8.7 Fighting
 * Level 9.4 Axes
 * Level 5.2 Bows
 + Level 8.3 Armour
 + Level 7.0 Dodging


You had 8 spell levels left.
You didn't know any spells.

Dungeon Overview and Level Annotations

Branches:
Dungeon (7/15)             Temple (0/1) D:7

Altars:
Elyvilon
Gozag

Shops:
D:4 (

Annotations:
Bailey Scuka's ghost, journeyman TrMo


Innate Abilities, Weirdness & Mutations

You reflexively headbutt those who attack you in melee.
You have a pair of horns on your head.


Message History

You miss Scuka's ghost. You headbutt Scuka's ghost!
Scuka's ghost is lightly damaged.
Scuka's ghost misses you.
You closely miss Scuka's ghost. You headbutt Scuka's ghost!!
Scuka's ghost is moderately damaged.
Scuka's ghost hits you but does no damage.
You slash Scuka's ghost! Your headbutt misses Scuka's ghost.
Scuka's ghost is moderately damaged.
You hit Scuka's ghost.
Scuka's ghost is moderately damaged.
Scuka's ghost hits you!!!
* * * LOW HITPOINT WARNING * * *
You closely miss Scuka's ghost. You headbutt Scuka's ghost.
Scuka's ghost is heavily damaged.
Scuka's ghost hits you!
* * * LOW HITPOINT WARNING * * *
You barely miss Scuka's ghost. You headbutt Scuka's ghost!
Scuka's ghost is heavily damaged.
Scuka's ghost hits you!
You die...

.# #. #'##'##
#..... ##.....
.'..⌠.. #...KK
#..gKW## #@## g#
##)# ### ### ###
#'# # #.# #.#
#.###.# '##'##+
#'##'##'## #.....#
#.....##
#.....#####.....###
'..∩..'(#.'..⌠..'.#
#(....#####)(...###


You could see Scuka's ghost, a gnoll and 3 kobolds.

Vanquished Creatures
  The ghost of feelmyfire the Impaler, a journeyman MiFi of Okawaru (Bailey)
  The ghost of varam the Grappler, a novice TrMo of Trog (D:7)
  Pikel (D:5)
  The ghost of Monkfish the Sneak, an amateur KoAs (D:4)
  Menkaure (D:4)
  An ice beast (D:6)
  2 orc warriors (D:7)
  3 ogres
  2 slaves (D:5)
  A centaur (D:5)
  A crocodile (D:7)
  A giant frog (D:7)
  3 scorpions
  A howler monkey (D:6)
  2 crimson imps
  A giant frog zombie (D:6)
  A giant frog skeleton (D:5)
  An orc priest (D:7)
  4 orc wizards
  A hound (D:5)
  A jelly (D:6)
  2 worker ants
  An iguana (D:5)
  A hound skeleton (D:7)
  A worker ant zombie (D:7)
  Robin (D:3)
  8 gnolls
  A howler monkey skeleton (D:5)
  4 adders
  A shadow imp (D:7)
  An ooze (D:6)
  4 worms
  A giant gecko (D:1)
  11 orcs
  6 ball pythons
  11 giant cockroaches
  21 goblins
  24 hobgoblins
  3 jackals (D:6)
  3 quokkas
  4 bats
  3 giant newts
  A jackal skeleton (D:4)
  17 kobolds
  10 rats
171 creatures vanquished.

Vanquished Creatures (others)
  An ice beast (D:5)
  A jelly (D:5)
  A giant cockroach (D:5)
3 creatures vanquished.

Grand Total: 174 creatures vanquished

Notes
Turn   | Place    | Note
--------------------------------------------------------------
     0 | D:1      | nikopol the Minotaur Berserker began the quest for the Orb.
     0 | D:1      | Reached XP level 1. HP: 19/19 MP: 0/0
   164 | D:1      | Reached XP level 2. HP: 25/27 MP: 1/1
   312 | D:1      | Reached ** piety under Trog
   551 | D:1      | Reached XP level 3. HP: 33/33 MP: 2/2
   764 | D:2      | Reached skill level 4 in Axes
  1139 | D:2      | Reached XP level 4. HP: 5/41 MP: 3/3
  1491 | D:2      | Found an opulent altar of Gozag.
  1544 | D:2      | Reached *** piety under Trog
  1849 | D:3      | Noticed Robin
  1861 | D:3      | Killed Robin
  1861 | D:3      | Reached XP level 5. HP: 47/47 MP: 4/4
  2181 | D:3      | Reached skill level 5 in Fighting
  2647 | D:4      | Found Masazywn's Antique Weapon Shop.
  2668 | D:4      | Noticed Menkaure
  2674 | D:4      | Killed Menkaure
  2674 | D:4      | Reached skill level 5 in Axes
  2674 | D:4      | Reached XP level 6. HP: 56/56 MP: 5/5
  2827 | D:4      | Reached skill level 5 in Armour
  2960 | D:4      | Noticed Monkfish's ghost (amateur KoAs)
  2969 | D:4      | Killed Monkfish's ghost
  2969 | D:4      | Reached XP level 7. HP: 62/62 MP: 6/6
  3194 | D:4      | Reached **** piety under Trog
  3511 | D:5      | Entered Level 5 of the Dungeon
  3552 | D:5      | Reached skill level 5 in Dodging
  3639 | D:5      | Reached skill level 6 in Axes
  3919 | D:5      | Noticed Pikel
  3932 | D:5      | Killed Pikel
  3932 | D:5      | Reached XP level 8. HP: 71/73 MP: 7/7
  4290 | D:5      | Reached skill level 7 in Axes
  4735 | D:6      | Received a gift from Trog
  4742 | D:6      | Reached skill level 1 in Bows
  5485 | D:7      | Reached XP level 9. HP: 70/80 MP: 8/8
  5565 | D:7      | Reached skill level 8 in Axes
  5585 | D:7      | Found a staircase to the Ecumenical Temple.
  5600 | D:7      | Found a white marble altar of Elyvilon.
  5753 | D:7      | Noticed varam's ghost (novice TrMo)
  5762 | D:7      | Killed varam's ghost
  5883 | D:7      | Found a flagged portal.
  5897 | Bailey   | Entered a bailey
  5939 | Bailey   | Reached ***** piety under Trog
  5959 | Bailey   | Noticed feelmyfire's ghost (journeyman MiFi)
  5989 | Bailey   | Killed feelmyfire's ghost
  5989 | Bailey   | Reached skill level 9 in Axes
  5989 | Bailey   | Reached skill level 5 in Bows
  6325 | Bailey   | Noticed Scuka's ghost (journeyman TrMo)
  6337 | Bailey   | HP: 1/123 [Scuka's ghost (11)]
  6338 | Bailey   | Mangled by Scuka's ghost

Skill      XL: |  1  2  3  4  5  6  7  8  9 |
---------------+----------------------------+-----
Armour         | 3 4 5 6 7 8 |  8.3
Fighting       | 4 5 7 8 |  8.7
Axes           | 4 5 6 7 9 |  9.4
Dodging        | 3 4 5 6 7 |  7.0
Bows           | 2 5 |  5.2

Action                   |  1- 3 |  4- 6 |  7- 9 || total
-------------------------+-------+-------+-------++-------
Melee: Hand axe          |    72 |    92 |   167 ||   331
       Headbutt          |    14 |    19 |    45 ||    78
       War axe           |       |       |    47 ||    47
 Fire: Shortbow          |       |       |    76 ||    76
Invok: Berserk           |     1 |     4 |     6 ||    11
  Use: Scroll            |       |       |    10 ||    10
  Eat: Chunk             |     1 |     9 |    17 ||    27
Armor: Animal skin       |    15 |       |       ||    15
       Ring mail         |       |    10 |       ||    10
       Scale mail        |       |    11 |    88 ||    99
Dodge: Dodged            |    67 |    51 |   146 ||   264
